 Dungeon Crawl Stone Soup version 0.32-a0-768-g0f6f1dd4b9 (webtiles) character file.

Game seed: 13566842923720676488

2427 Doorstop00 the Protected (level 9, -5/78 HPs)
             Began as a Minotaur Berserker on Mar 18, 2024.
             Was an Elder of Trog.
             Slain by Maggie
             ... wielding a +2 halberd of distortion
              (9 damage)
             ... on level 7 of the Dungeon.
             The game lasted 00:25:15 (6362 turns).

Doorstop00 the Protected (Minotaur Berserker)       Turns: 6362, Time: 00:25:17

Health: -5/78      AC: 10    Str: 26    XL:     9   Next: 24%
Magic:  8/8        EV: 10    Int:  4    God:    Trog [****..]
Gold:   331        SH:  5    Dex: 10    Spells: 8/8 levels left

rFire   . . .        r - +2 flail (venom)
rCold   + + +        (no shield)
rNeg    . . .        n - +0 scale mail
rPois   .            (helmet restricted)
rElec   .            (no cloak)
rCorr   +            h - +1 pair of gloves of the Onion {rC++ Will+}
SInv    .            (no boots)
Will    +....        A - amulet of reflection Stlth
                     m - ring of protection from cold
HPRegen 0.33/turn    o - ring of resist corrosion
MPRegen 0.11/turn

%: reflection
@: mesmerised
A: horns 2, retaliatory headbutt
a: Renounce Religion, Berserk, Trog's Hand, Brothers in Arms


You were on level 7 of the Dungeon.
You worshipped Trog.
Trog was greatly pleased with you.
You visited 1 branch of the dungeon, and saw 8 of its levels.

You collected 331 gold pieces.

Inventory:

Hand Weapons
 a - a +0 hand axe
 r - a +2 flail of venom (weapon)
Armour
 h - the +1 pair of gloves of the Onion (worn) {rC++ Will+}
   (You acquired it on level 2 of the Dungeon)

   rC++:      It greatly protects you from cold.
   Will+:     It increases your willpower.
 n - a +0 scale mail (worn)
Jewellery
 m - a ring of protection from cold (left hand)
 o - a ring of resist corrosion (right hand)
 A - an amulet of reflection (around neck)
Wands
 b - a wand of warping (6)
 s - a wand of quicksilver (6)
Scrolls
 j - 2 scrolls of identify
 p - a scroll of immolation
 t - 2 scrolls of enchant weapon
 u - a scroll of blinking
 w - a scroll of revelation
 y - a scroll of poison {unknown}
Potions
 c - a potion of degeneration {unknown}
 e - 2 potions of brilliance {unknown}
 f - a potion of attraction {unknown}
 g - 3 potions of curing
 l - a potion of haste {unknown}
 q - a potion of lignification
 v - 2 potions of berserk rage
 x - a potion of invisibility {unknown}
 z - a potion of ambrosia {unknown}


   Skills:
 * Level 6.6 Fighting
 + Level 7.8(9.2) Axes
 * Level 7.5(9.1) Maces & Flails
 * Level 8.1 Armour
 * Level 4.7 Dodging
 + Level 0.1 Stealth
 + Level 0.1 Shields
 + Level 0.6 Evocations


You had 8 spell levels left.
You didn't know any spells.
Your spell library was empty.

Dungeon Overview and Level Annotations

Branches:
Dungeon (8/15)             Temple (0/1) D:7
   Lair: D:8-11

Altars:
Cheibriados
Fedhas
Yredelemnul
Zin

Annotations:
D:7 Maggie
D:8 Joseph


Innate Abilities, Weirdness & Mutations

You have a pair of horns on your head.
You reflexively headbutt those who attack you in melee.


Message History

Space warps around you.
* * * LOW HITPOINT WARNING * * *
You block the orc's attack.
You cannot move away from Maggie!
You are too mesmerised to rage.
You are too mesmerised to rage.
You feel better.
Maggie hits you from afar with a +2 halberd of distortion.
* * * LOW HITPOINT WARNING * * *
Space warps around you.
* * * LOW HITPOINT WARNING * * *
The orc priest barely misses you. You furiously retaliate!
You headbutt the orc priest! The orc hits you with a +0 war axe.
* * * LOW HITPOINT WARNING * * *
You block the orc's attack.
You cannot move away from Maggie!
You hit the orc.
The orc is poisoned.
You headbutt the orc.
You kill the orc!
Trog accepts your kill. Maggie closely misses you.
You hit the orc but do no damage.
The orc is poisoned.
You headbutt the orc.
The orc is moderately wounded.
You block the orc's attack.
The orc priest hits you with a +2 flail of protection.
* * * LOW HITPOINT WARNING * * *
The orc closely misses you.
Maggie hits you from afar with a +2 halberd of distortion.
* * * LOW HITPOINT WARNING * * *
Space warps around you.
* * * LOW HITPOINT WARNING * * *
You barely miss the orc.
The orc is heavily wounded.
The orc closely misses you. You furiously retaliate!
You headbutt the orc!
You kill the orc!
Trog accepts your kill. The orc hits you but does no damage.
The orc priest hits you but does no damage.
You block the orc's attack.
Maggie hits you from afar with a +2 halberd of distortion!
You die...

#######
############...o.#######
....)))$)......)@.......
########......@oo#######
#.........# #.........#
# #......#.... #
#......#..... #
########.....
......##### ..o.o....


You could see Maggie (mesmerising, very poisoned), an orc priest and 2 orcs.

Vanquished Creatures
  Grinder (D:4)
  A steam dragon (D:6)
  Edmund (D:5)
  A water moccasin (D:5)
  Duvessa (D:5)
  3 ice beasts
  3 orc warriors
  A centaur (D:6)
  A phantom (D:7)
  A scorpion (D:5)
  A bullfrog (D:7)
  Dowan (D:5)
  2 howler monkeys
  4 hounds
  A jelly (D:5)
  A bombardier beetle (D:5)
  5 orc priests
  5 iguanas
  2 sleepcaps
  Terence (D:3)
  2 orc wizards (D:7)
  Robin (D:3)
  13 adders
  A white imp (D:7)
  5 dart slugs
  3 ribbon worms
  15 orcs
  3 bats
  7 endoplasms
  5 giant cockroaches
  9 hobgoblins
  2 quokkas
  6 ball pythons
  2 frilled lizards
  11 goblins
  9 kobolds
  8 rats
139 creatures vanquished.

Vanquished Creatures (others)
  A gnoll (D:7)
1 creature vanquished.

Grand Total: 140 creatures vanquished

Notes
Turn   | Place    | Note
-------+----------+-------------------------------------------
     0 | D:1      | Doorstop00 the Minotaur Berserker began the quest for the
                  | Orb.
     0 | D:1      | Reached XP level 1. HP: 19/19 MP: 0/0
   138 | D:1      | Reached XP level 2. HP: 24/27 MP: 1/1
   477 | D:1      | Reached ** piety under Trog
   798 | D:2      | Reached XP level 3. HP: 33/33 MP: 2/2
   804 | D:2      | Identified a scroll of acquirement
   804 | D:2      | Acquired the +1 pair of gloves of the Onion {rC++ Will+}
   921 | D:2      | Reached skill level 1 in Maces & Flails
   983 | D:2      | Found a faded altar of an unknown god.
  1034 | D:2      | Reached skill level 5 in Axes
  1034 | D:2      | Reached XP level 4. HP: 33/40 MP: 3/3
  1884 | D:3      | Reached skill level 3 in Armour
  1996 | D:3      | Found a blossoming altar of Fedhas.
  2238 | D:3      | Noticed Robin
  2243 | D:3      | Killed Robin
  2244 | D:3      | Reached XP level 5. HP: 46/46 MP: 4/4
  2402 | D:3      | Noticed Terence
  2409 | D:3      | Killed Terence
  2910 | D:4      | Noticed Grinder
  2929 | D:4      | Killed Grinder
  2930 | D:4      | Reached skill level 4 in Armour
  2930 | D:4      | Reached XP level 6. HP: 27/53 MP: 5/5
  3036 | D:4      | Found a snail-covered altar of Cheibriados.
  3044 | D:4      | Reached *** piety under Trog
  3381 | D:5      | Entered Level 5 of the Dungeon
  3399 | D:5      | Noticed an ice beast
  3425 | D:5      | Killed an ice beast
  3426 | D:5      | Reached XP level 7. HP: 35/60 MP: 6/6
  3563 | D:5      | Noticed Edmund
  3573 | D:5      | Killed Edmund
  3574 | D:5      | Reached skill level 5 in Fighting
  3574 | D:5      | Reached skill level 5 in Armour
  4051 | D:5      | Noticed Duvessa
  4051 | D:5      | Noticed Dowan
  4059 | D:5      | Reached skill level 6 in Armour
  4061 | D:5      | Killed Duvessa
  4062 | D:5      | Reached XP level 8. HP: 69/69 MP: 7/7
  4066 | D:5      | Killed Dowan
  4372 | D:5      | Identified the +3 leather armour "Log Voad" {Harm Regen+
                  | Int+3 SInv}
  4489 | D:5      | Found a basalt altar of Yredelemnul.
  4671 | D:5      | Found a glowing silver altar of Zin.
  4961 | D:6      | Reached skill level 5 in Maces & Flails
  4961 | D:6      | Reached skill level 7 in Armour
  5944 | D:7      | Noticed Maggie
  5972 | D:8      | Noticed Joseph
  5991 | D:7      | HP: 2/71 [orc wizard/magic dart (3)]
  5997 | D:7      | HP: 1/71 [orc priest/divine providence (15)]
  6284 | D:7      | Reached XP level 9. HP: 76/78 MP: 8/8
  6288 | D:7      | Found a staircase to the Ecumenical Temple.
  6336 | D:7      | Reached skill level 8 in Armour
  6336 | D:7      | Reached **** piety under Trog
  6362 | D:7      | Slain by Maggie

Illustrated notes

Levels and vault maps discovered:
D:1:      onia_arrival_mini_maze_b, layout_basic, minmay_distorted
D:2:      layout_loops_ring, hellmonk_ecumenical_altar_crossroads
D:3:      layout_basic, mainiacjoe_overflow_24_doors, serial_park_tiny_pond,
          uniq_robin, uniq_terence
D:4:      layout_rooms, old_standard_altar, uniq_grinder
D:5:      layout_loops_corners, jmf_multi_god_temple2,
          hangedman_abyss_or_decor_passed, kennysheep_big_empty_room,
          minmay_chambers_of_fives, uniq_duvessa, uniq_edmund
D:6:      layout_basic
D:7:      layout_basic, minmay_temple_entry_proselytizer, uniq_maggie
D:8:      layout_gridville, grunt_dithmenos_shadows, gammafunk_ghost_split,
          minivault_12, uniq_joseph

Skill      XL: |  1  2  3  4  5  6  7  8  9 |
---------------+----------------------------+-----
Axes           | 4 5 6 7 |  7.8
Fighting       | 4 5 6 |  6.6
Maces & Flails | 1 2 3 6 7 |  7.5
Armour         | 3 4 6 7 8 |  8.1
Dodging        | 3 4 |  4.7
Stealth        | |  0.1
Shields        | |  0.1
Evocations     | |  0.6

Action                     |  1- 3 |  4- 6 |  7- 9 || total
---------------------------+-------+-------+-------++-------
  Melee: Hand axe          |    97 |   126 |     9 ||   232
         Headbutt          |     7 |    23 |    31 ||    61
         Flail             |       |       |   143 ||   143
 Invoke: Berserk           |       |     2 |     2 ||     4
         Trog's Hand       |       |       |     1 ||     1
  Evoke: Wand              |       |       |     4 ||     4
    Use: Scroll            |     2 |     6 |     6 ||    14
         Potion            |       |     1 |     2 ||     3
 Armour: Animal skin       |    14 |       |       ||    14
         Ring mail         |    44 |    32 |       ||    76
         Leather armour    |     7 |       |       ||     7
         Scale mail        |       |    58 |   123 ||   181
  Dodge: Dodged            |    56 |    63 |    88 ||   207
  Block: Other             |       |       |    11 ||    11

Table legend: (Time is in decaauts)
 A = Elapsed time spent in this place.
 B = Non-inter-level travel time spent in this place.
 C = Inter-level travel time spent in this place.
 D = Time resting spent in this place.
 E = Time spent auto-exploring this place.
 F = Levels seen in this place.
 G = Mean time per level.
                   A        B        C        D        E       F      G
               +--------+--------+--------+--------+--------+-----+--------+
         Total |   6415 |   6373 |     42 |    570 |   4232 |   8 |  801.9 |
       Dungeon |   6415 |   6373 |     42 |    570 |   4232 |   8 |  801.9 |
               +--------+--------+--------+--------+--------+-----+--------+

Top non-repeatable levels by time:
     D:5: 1627 daAuts
     D:3: 1102 daAuts
     D:6: 936 daAuts
     D:2: 885 daAuts
     D:1: 785 daAuts
     D:4: 632 daAuts
     D:7: 443 daAuts
     D:8: 1 daAuts
